Map: Thunderbird LE

Players

Umbrella

  • Race: Zerg Zerg
  • League: Gold
  • Spawn Location: 5:00

TiPtOP - Winner!

  • Race: Terran Terran
  • League: Silver
  • Spawn Location: 11:00

VOD

Have the link to the VOD?

Description

Time

  • Played on: Aug. 19, 2019, 11 p.m.
  • Length: 17:14
Show
View Real Time Build Order
Export as new Build Order

Umbrella Zerg 

Build Orders: Hatch First, Swarm Host 

Get SALT Encoding   

  12  0:00  Drone  
  13  0:12  Overlord  
  13  0:16  Drone  
  14  0:31  Drone  
  14  0:32  Drone  
  16  0:49  Hatchery  
  15  0:52  Drone  
  16  0:59  Drone  
  16  1:00  Drone  
  16  1:02  Extractor  
  17  1:17  Spawning Pool  
  16  1:18  Drone  
  16  1:23  Drone  
  18  1:28  Drone  
  19  1:39  Drone  
  20  1:49  Overlord  
  20  2:04  Queen  
  20  2:06  Queen  
  20  2:07  Zergling x4  
  26  2:13  Drone x2  
  28  2:17  Metabolic Boost  
  28  2:22  Drone  
  29  2:24  Drone  
  30  2:33  Drone  
  31  2:52  Hatchery  
  31  2:58  Overlord  
  30  2:59  Drone  
  30  3:01  Drone  
  30  3:02  Drone x2  
  34  3:08  Drone  
  35  3:14  Extractor  
  35  3:16  Overlord x2  
  34  3:25  Drone, Extractor  
  34  3:27  Drone  
  35  3:32  Overlord  
  35  3:37  Drone  
  36  3:43  Drone  
  37  3:52  Drone  
  37  3:55  Drone  
  39  3:58  Drone  
  39  3:59  Drone x3  
  39  4:00  Drone x2  
  45  4:05  Zergling x2, Drone  
  47  4:14  Lair  
  47  4:15  Evolution Chamber, Drone  
  47  4:16  Evolution Chamber  
  47  4:17  Drone x2  
  47  4:19  Drone  
  49  4:24  Zergling x2  
  49  4:28  Zergling x2  
  49  4:29  Zergling x2  
  49  4:30  Drone x4  
  49  4:31  Drone  
  57  4:36  Extractor  
  56  4:43  Drone x3  
  59  4:49  Queen  
  61  4:53  Queen  
  63  5:06  Zerg Melee Weapons Level 1  
  63  5:07  Zerg Ground Armor Level 1, Baneling Nest  
  63  5:08  Drone x4  
  63  5:11  Overlord x2  
  66  5:21  Drone, Extractor  
  65  5:22  Overlord x2  
  65  5:25  Pneumatized Carapace  
  66  5:35  Drone x6  
  70  5:36  Drone  
  73  5:47  Drone x3  
  76  5:54  Drone x2  
  78  5:57  Extractor  
  77  6:09  Hatchery  
  76  6:12  Baneling x4  
  76  6:13  Zergling x2, Baneling x5  
  76  6:14  Zergling x2  
  78  6:19  Drone x4  
  78  6:20  Drone x2  
  78  6:21  Drone  
  78  6:25  Drone  
  86  6:30  Zergling x8  
  90  6:34  Drone x3  
  90  6:36  Hydralisk Den  
  92  6:44  Centrifical Hooks  
  92  6:46  Zergling x8  
  96  6:47  Hatchery  
  96  6:48  Zergling x2  
  96  6:53  Zergling x2  
  97  7:01  Drone  
  97  7:04  Overlord  
  97  7:05  Overlord x2  
  97  7:06  Muscular Augments  
  98  7:25  Drone  
  98  7:27  Drone x4  
  98  7:28  Drone x5  
  108  7:31  Hydralisk x4  
  108  7:32  Overlord  
  108  7:34  Overlord  
  116  7:37  Zerg Melee Weapons Level 2  
  116  7:38  Zerg Ground Armor Level 2  
  116  7:40  Hydralisk  
  107  8:02  Zergling x6  
  107  8:03  Zergling x4  
  107  8:04  Zergling x2, Hydralisk x5  
  107  8:05  Hydralisk x3  
  125  8:12  Spore Crawler  
  125  8:14  Hatchery  
  125  8:15  Spire, Overseer  
  125  8:17  Overseer  
  125  8:18  Overseer  
  122  8:23  Hydralisk x3  
  122  8:24  Hydralisk x5  
  137  8:31  Zergling x10  
  137  8:32  Hydralisk  
  144  8:34  Queen  
  144  8:40  Hydralisk  
  148  8:42  Overlord x3, Zergling x2  
  149  8:58  Infestation Pit  
  148  9:09  Extractor x2  
  146  9:13  Zergling x18  
  146  9:14  Zergling x8  
  159  9:20  Overseer  
  159  9:22  Overseer  
  159  9:40  Hydralisk  
  159  9:41  Hydralisk x2  
  159  9:42  Zergling x8  
  159  9:44  Infestor  
  159  9:45  Infestor x3  
  177  9:46  Infestor  
  177  9:47  Overlord x2  
  177  9:48  Overlord x3  
  177  9:51  Pathogen Glands  
  177  9:52  Hive  
  177  9:54  Zerg Flyer Weapons Level 1  
  157  10:06  Hydralisk x4  
  157  10:14  Zergling x6, Hydralisk x3  
  143  10:15  Hydralisk  
  143  10:16  Hydralisk x3  
  143  10:17  Hydralisk  
  143  10:18  Zergling x4  
  143  10:21  Infestor  
  160  10:24  Drone x3, Hydralisk  
  160  10:26  Hydralisk  
  167  10:36  Infestor x3  
  173  10:44  Swarm Host  
  188  10:50  Drone x2  
  188  10:51  Extractor  
  188  10:53  Extractor  
  188  11:00  Zerg Missile Weapons Level 1  
  188  11:07  Swarm Host  
  197  11:25  Zergling x4  
  199  11:44  Neural Parasite  
  199  11:49  Greater Spire  
  125  12:19  Hydralisk  
  125  12:20  Zergling x2  
  125  12:21  Zergling x32  
  125  12:22  Zergling x20  
  144  12:36  Hydralisk x2, Burrow  
  144  12:37  Hydralisk x2  
  142  12:38  Hydralisk x3  
  156  12:57  Hydralisk x2  
  156  12:58  Hydralisk x4  
  162  12:59  Hydralisk  
  162  13:00  Zergling x6  
  162  13:03  Baneling x8  
  162  13:04  Hydralisk x2, Baneling x5  
  177  13:16  Swarm Host x5  
  192  13:33  Corruptor  
  192  13:34  Corruptor x2  
  174  14:10  Corruptor x8  
  174  14:11  Corruptor x4  
  174  14:14  Zerg Flyer Weapons Level 2  
  180  14:33  Corruptor x4  
  180  14:34  Corruptor x3  
  180  14:35  Corruptor  
  180  14:38  Drone  
  173  14:39  Hydralisk x2  
  146  14:49  Brood Lord  
  150  14:52  Brood Lord  
  150  14:58  Drone  
  150  14:59  Drone  
  144  15:07  Brood Lord x2  
  148  15:17  Hydralisk x3  
  154  15:24  Brood Lord  
  156  15:30  Drone x3  
  159  15:36  Brood Lord x2  
  163  15:50  Brood Lord x2  
  163  16:21  Hydralisk  
  163  16:22  Hydralisk  
  163  16:23  Zergling x8  
  163  16:24  Zergling x10  
  163  16:25  Zergling x12  
  160  16:26  Zergling x4  
  160  16:27  Zergling x4  
  160  16:28  Corruptor x4, Hydralisk x2  
  160  16:29  Zergling x4  
  160  16:30  Zergling x6  
  165  16:34  Zergling x4  
  165  16:35  Zergling x8  
  165  16:37  Zergling x4  
  165  16:38  Zergling x2  
  165  16:39  Zergling x6  
  179  16:43  Zergling x2  
  165  16:51  Zergling x4  
Show
View Real Time Build Order
Export as new Build Order

TiPtOP Terran - Winner!

Build Orders: Mech 

Get SALT Encoding   

  12  0:01  SCV  
  13  0:13  SCV  
  14  0:20  Supply Depot  
  14  0:26  SCV  
  15  0:41  SCV  
  16  0:43  Barracks  
  16  0:49  Refinery  
  16  0:53  SCV  
  17  1:05  SCV  
  18  1:17  SCV  
  19  1:30  Orbital Command  
  19  1:40  Command Center  
  19  1:55  Marine  
  19  1:57  SCV  
  21  2:07  Supply Depot  
  21  2:13  SCV  
  22  2:23  Barracks Tech Lab  
  22  2:25  SCV  
  22  2:29  Factory  
  23  2:31  Refinery  
  23  2:37  SCV  
  24  2:49  SCV  
  24  3:03  Bunker  
  24  3:04  Orbital Command  
  24  3:08  SCV  
  25  3:17  Engineering Bay  
  25  3:20  SCV  
  26  3:31  SCV  
  26  3:33  SCV  
  28  3:35  Supply Depot  
  28  3:41  Supply Depot  
  28  3:43  SCV  
  28  3:45  SCV  
  30  3:55  SCV  
  31  3:57  SCV  
  31  3:59  Missile Turret  
  32  4:04  Supply Depot  
  32  4:05  Siege Tank, Armory  
  32  4:07  SCV  
  32  4:09  SCV  
  37  4:19  SCV  
  37  4:20  Missile Turret  
  37  4:21  SCV  
  39  4:31  SCV  
  39  4:33  Factory, SCV  
  39  4:35  Factory  
  41  4:42  Refinery  
  41  4:43  SCV  
  41  4:45  SCV  
  43  4:52  Supply Depot  
  43  4:55  SCV  
  43  4:57  SCV  
  45  5:07  SCV  
  45  5:09  SCV  
  47  5:14  Siege Tank  
  47  5:15  Supply Depot  
  47  5:17  Missile Turret, Factory Tech Lab  
  47  5:18  Factory Reactor  
  50  5:26  Refinery  
  50  5:30  SCV x2  
  52  5:36  Siege Tank  
  52  5:42  SCV  
  56  5:46  Siege Tank  
  56  5:49  SCV  
  60  5:54  SCV  
  61  6:01  SCV  
  62  6:06  SCV  
  62  6:08  Hellbat  
  65  6:11  Command Center  
  65  6:19  Hellbat  
  67  6:26  Command Center  
  67  6:29  SCV x2  
  69  6:35  Thor  
  69  6:36  Hellbat x2  
  79  6:40  Thor  
  79  6:41  SCV  
  79  6:43  Supply Depot  
  79  6:45  Supply Depot  
  79  6:46  Supply Depot  
  86  6:47  Terran Vehicle Weapons Level 1  
  86  6:48  Supply Depot  
  86  6:52  Supply Depot  
  86  6:57  SCV x2, Hellbat  
  92  7:08  Hellbat  
  92  7:09  SCV x2  
  94  7:18  Hellbat  
  94  7:21  SCV x2  
  98  7:22  Thor  
  98  7:24  Orbital Command  
  98  7:29  Refinery  
  104  7:30  Missile Turret, Refinery  
  104  7:33  SCV  
  105  7:37  SCV  
  105  7:39  Thor  
  112  7:46  SCV  
  112  7:49  SCV  
  111  7:58  SCV  
  111  8:05  Thor  
  117  8:24  Thor  
  117  8:25  Hellbat x2  
  127  8:32  Supply Depot  
  127  8:33  Supply Depot  
  127  8:48  Thor  
  127  8:50  Orbital Command  
  133  9:05  Hellbat x2  
  133  9:06  Thor  
  143  9:23  Command Center  
  143  9:26  Hellbat x2  
  143  9:30  Factory x2  
  143  9:31  Thor, Orbital Command  
  147  9:35  Factory  
  153  9:38  Factory  
  153  9:49  Thor  
  153  9:50  SCV x3  
  143  10:07  SCV x4  
  143  10:14  Hellbat x3  
  150  10:22  Factory Reactor  
  150  10:23  Factory Reactor  
  150  10:24  Factory Tech Lab x2  
  150  10:26  Infernal Pre-Igniter  
  150  10:28  Smart Servos  
  151  10:50  SCV x4  
  154  11:02  SCV x4  
  158  11:04  Thor x2, Hellbat  
  158  11:05  Refinery x2, Hellbat x2  
  158  11:10  Terran Vehicle Weapons Level 2  
  176  11:25  Missile Turret  
  176  11:28  Missile Turret, Command Center  
  176  11:30  Thor, Hellbat x3  
  156  12:17  Planetary Fortress  
  151  12:31  Hellbat x2  
  145  12:41  Refinery  
  145  12:42  Refinery  
  145  13:03  Thor x4, Hellbat x2  
  173  13:33  Terran Vehicle Weapons Level 3  
  173  13:38  Armory, Hellbat x3  
  179  13:46  Thor x2  
  155  14:39  Orbital Command  
  155  14:43  Orbital Command  
  153  14:55  Hellbat x2  
  153  14:56  Hellbat x2  
  153  14:58  Thor x2, Hellbat x2  
  177  15:13  SCV x2  
  177  15:14  SCV x2  
  181  15:25  SCV  
  182  15:29  SCV  
  183  15:36  Thor, Hellbat x4  
  183  15:38  SCV  
  183  15:41  SCV  
  199  15:48  Planetary Fortress  
  199  15:50  SCV  
  198  16:15  Starport  
  198  16:16  Starport  
  198  16:18  Starport  
Tags
 
Add a new tag
Caveats
  • Supply blocks, unpowered buildings, or Contaminate may cause inaccurate times.
  • Supply counts are checked every 10 seconds.